 Dungeon Crawl Stone Soup version 0.25.0-33-gff14898491 (webtiles) character file.

Game seed: 9401605946913432644

448 RaHiT the Skirmisher (level 6, 0/51 HPs)
             Began as a Demonspawn Chaos Knight on July 6, 2020.
             Was a Plaything of Xom.
             Slain by an orc wizard
             ... wielding a +0 dagger
              (4 damage)
             ... on level 4 of the Dungeon.
             The game lasted 00:21:29 (3722 turns).

RaHiT the Skirmisher (Demonspawn Chaos Knight)      Turns: 3722, Time: 00:21:30

Health: 0/51       AC:  4    Str: 11 (14) XL:     6   Next: 73%
Magic:  8/8        EV: 12    Int: 12 (14) God:    Xom [*.....]
Gold:   120        SH:  0    Dex:  9 (10) Spells: 5/5 levels left

rFire    . . .     SeeInvis .     - Unarmed
rCold    + . .     Gourm    .   (no shield)
rNeg     . . .     Faith    .   b - +2 leather armour
rPois    +         Spirit   .   (helmet restricted)
rElec    .         Reflect  .   (no cloak)
rCorr    .         Harm     .   k - +0 pair of gloves
MR       .....                  (no boots)
Stlth    ..........             (no amulet)
HPRegen  0.17/turn              d - ring of attention (curse)
MPRegen  0.11/turn              z - ring of protection from cold

@: no status effects
A: claws 1, hooves 1, horns 1, blink, clumsy 1, deformed body, sense
surroundings 2, poison resistance, robust 1, wild magic 1, MP-powered wands
a: Blink, Renounce Religion


You were on level 4 of the Dungeon.
You worshipped Xom.
You were a special plaything of Xom.
You were not hungry.

You visited 1 branch of the dungeon, and saw 4 of its levels.
You also visited: Sewer.

You collected 120 gold pieces.

Inventory:

Hand Weapons
 a - a +0 falchion of chaos
 g - a +3 dagger of freezing
 q - a +0 dagger
Missiles
 r - 4 boomerangs (quivered)
 w - 10 bolts
Armour
 b - a +2 leather armour (worn)
 k - a +0 pair of gloves (worn)
Jewellery
 d - a cursed ring of attention (left hand)
 z - a ring of protection from cold (right hand)
Wands
 t - a wand of random effects (21)
Scrolls
 l - a scroll of immolation
 m - 2 scrolls of enchant weapon
 s - 3 scrolls of amnesia {unknown}
 y - a scroll of enchant armour {unknown}
Potions
 e - 2 potions of ambrosia {unknown}
 h - a potion of stabbing
 j - a potion of mutation {unknown}
 n - a potion of curing
 o - a potion of flight
 u - a potion of brilliance {unknown}
 v - a potion of lignification {unknown}
 x - a potion of cancellation {unknown}
Comestibles
 c - 2 rations
 i - 3 chunks of flesh


   Skills:
 - Level 3.0 Fighting
 - Level 3.0 Long Blades
 - Level 3.0 Throwing
 - Level 2.0 Armour
 - Level 3.0 Dodging
 + Level 3.0 Unarmed Combat
 - Level 3.0 Evocations


You had 5 spell levels left.
You didn't know any spells.
Your spell library was empty.

Dungeon Overview and Level Annotations

Branches:
Dungeon (4/15)              Sewer (visited)
 Temple: D:4-7

Altars:
Gozag
Xom

Annotations:
D:3 Grinder


Innate Abilities, Weirdness & Mutations

You have sharp fingernails.
You have large cloven feet.
You have a pair of small horns on your head.
You can translocate small distances at will.
You are clumsy. (Dex -2)
Armour fits poorly on your strangely shaped body.
You passively map the area around you.
Your system is resistant to poisons. (rPois)
You are robust. (+10% HP)
Your spells are a little harder to cast, but a little more powerful.
You expend magic power (3 MP) to strengthen your wands.


Message History

The orc priest is almost dead.
You hear some strange, mumbled words.
A puff of flame appears from out of thin air!
The puff of flame hits you. The orc barely misses you.
The orc wizard closely misses you.
The orc priest hits you with a +0 flail!
* * * LOW HITPOINT WARNING * * *
You closely miss the orc priest. Your kick misses the orc priest.
The orc priest is almost dead.
The orc wizard hits you with a +0 dagger.
* * * LOW HITPOINT WARNING * * *
Something hits you.
* * * LOW HITPOINT WARNING * * *
The orc misses you.
You fail to use your ability.
The orc wizard gestures wildly while chanting.
The orc wizard blinks!
The orc priest barely misses you.
The orc throws a stone.
The stone closely misses you. Something hits you.
You die...
Xom howls with laughter!

≈ * * * , * *,* ,
, ,,, , * ** , ,
* , * , , , * ,
,,*, ### ##....
**#.## ,,*#.....
* * ##@o##
#.....### #{§o.#
,.......* #.o..##
,, #.....
###.....#
*#....###....o.##
, #.(o..##..## *
*#(.l.###...# * ,
, #....###..##
.......#$...##...


You could see an orc priest, an orc wizard (fast) and 2 orcs.

Vanquished Creatures
  Sigmund (D:3)
  A big kobold (Sewer)
  Ijyb (D:3)
  An orc wizard (D:4)
  5 gnolls
  A river rat (Sewer)
  6 adders
  An ooze (D:1)
  2 dart slugs (D:2)
  A leopard gecko (D:3)
  5 orcs
  2 ball pythons
  A giant cockroach (D:1)
  6 goblins
  7 hobgoblins
  2 jackals (Sewer)
  A quokka (D:4)
  4 bats
  2 frilled lizards
  3 kobolds
  A leopard gecko skeleton (D:4)
  8 rats
62 creatures vanquished.

Vanquished Creatures (others)
  A worm (D:3)
  A leopard gecko (D:4)
  2 rats (D:3)
4 creatures vanquished.

Grand Total: 66 creatures vanquished

Notes
Turn   | Place    | Note
-------+----------+-------------------------------------------
     0 | D:1      | RaHiT the Demonspawn Chaos Knight began the quest for the
                  | Orb.
     0 | D:1      | Reached XP level 1. HP: 18/18 MP: 1/1
     2 | D:1      | Noticed a draconian
     2 | D:1      | Noticed a vampire
     4 | D:1      | Noticed a dwarf
     4 | D:1      | Noticed a merfolk
     6 | D:1      | Noticed a halfling
     6 | D:1      | Noticed a troll
     8 | D:1      | Noticed a felid
    10 | D:1      | Noticed a demigod
    10 | D:1      | Noticed a minotaur
    12 | D:1      | Noticed an octopode
    12 | D:1      | Noticed a spriggan
    14 | D:1      | Noticed an ogre
    14 | D:1      | Noticed a centaur
    16 | D:1      | Noticed a tengu
    18 | D:1      | Noticed a human
    18 | D:1      | Noticed a naga
    20 | D:1      | Noticed a formicid
    22 | D:1      | Noticed a gargoyle
    22 | D:1      | Noticed a vine stalker
    24 | D:1      | Noticed an elf
    26 | D:1      | Noticed a ghoul
    26 | D:1      | Noticed a demonspawn
   155 | D:1      | Reached skill level 1 in Dodging
   300 | D:1      | Gained mutation: You have sharp fingernails. [demonic
                  | ancestry]
   300 | D:1      | Reached XP level 2. HP: 22/24 MP: 2/2
   507 | D:1      | XOM: silly message
   514 | D:1      | XOM: potion effect (might)
   760 | D:2      | XOM: noise
   811 | D:2      | Reached skill level 1 in Throwing
   837 | D:2      | XOM: silly message
   862 | D:2      | XOM: polymorph adder -> hobgoblin
   872 | D:2      | XOM: give mutations
   872 | D:2      | Gained mutation: You have a pair of small antennae on your
                  | head. [Xom's grace]
   872 | D:2      | Gained mutation: You evolve. [Xom's grace]
   872 | D:2      | Gained mutation: You have a pair of antennae on your head.
                  | [Xom's grace]
   872 | D:2      | Gained mutation: You expend magic power (3 MP) to
                  | strengthen your wands. [Xom's grace]
   931 | D:2      | Reached XP level 3. HP: 28/29 MP: 3/3
   983 | D:2      | XOM: scenery: create altars
  1054 | D:2      | XOM: give mutations
  1054 | D:2      | Gained mutation: You have large cloven feet. [Xom's grace]
  1054 | D:2      | Gained mutation: You are robust. (+10% HP) [Xom's grace]
  1054 | D:2      | Gained mutation: You passively map a small area around you.
                  | [Xom's grace]
  1054 | D:2      | Gained mutation: You can translocate small distances at
                  | will. [Xom's grace]
  1060 | D:2      | XOM: give mutations
  1060 | D:2      | Gained mutation: Your system is resistant to poisons.
                  | (rPois) [Xom's grace]
  1060 | D:2      | Gained mutation: You passively map the area around you.
                  | [Xom's grace]
  1326 | D:3      | XOM: noise
  1339 | D:3      | Found a glowing drain.
  1339 | D:3      | Noticed Grinder
  1348 | D:3      | XOM: cleaving
  1353 | D:3      | XOM: smoke on damage
  1359 | D:3      | Noticed Ijyb
  1361 | Sewer    | Entered a sewer
  1517 | Sewer    | XOM: give mutations
  1517 | Sewer    | Gained mutation: Your spells are a little harder to cast,
                  | but a little more powerful. [Xom's grace]
  1517 | Sewer    | Gained mutation: You have a pair of large antennae on your
                  | head. (SInv) [Xom's grace]
  1527 | Sewer    | Noticed a big kobold
  1541 | Sewer    | Killed a big kobold
  1541 | Sewer    | Reached skill level 1 in Unarmed Combat
  1541 | Sewer    | Lost mutation: You have a pair of large antennae on your
                  | head. (SInv) [demonic ancestry]
  1541 | Sewer    | Lost mutation: You have a pair of antennae on your head.
                  | [demonic ancestry]
  1541 | Sewer    | Lost mutation: You have a pair of small antennae on your
                  | head. [demonic ancestry]
  1541 | Sewer    | Gained mutation: You have a pair of small horns on your
                  | head. [demonic ancestry]
  1541 | Sewer    | Reached XP level 4. HP: 21/38 MP: 4/4
  1561 | Sewer    | Found a white marble altar of Elyvilon.
  1676 | D:3      | XOM: divination: detect creatures
  1679 | D:3      | Paralysed by Grinder for 6 turns
  1681 | D:3      | XOM: destruction
  1688 | D:3      | XOM: scenery: create altars
  1689 | D:3      | XOM: cast spell 'Shadow Creatures'
  1766 | D:2      | XOM: summons 3 hostile demons
  1931 | D:1      | XOM: silly message
  1945 | D:2      | Lost mutation: You evolve. [evolution]
  2329 | D:3      | Reached XP level 5. HP: 30/45 MP: 5/5
  2512 | D:3      | Found an opulent altar of Gozag.
  2515 | D:3      | XOM: give mutations
  2515 | D:3      | Gained mutation: You are clumsy. (Dex -2) [Xom's mischief]
  2515 | D:3      | Gained mutation: Armour fits poorly on your strangely
                  | shaped body. [Xom's mischief]
  2601 | D:3      | XOM: scenery: create altars
  2789 | D:3      | Killed Ijyb
  3036 | D:3      | Noticed Sigmund
  3060 | D:3      | Killed Sigmund
  3060 | D:3      | Mutation became permanent: You have large cloven feet.
                  | [demonic ancestry]
  3060 | D:3      | Gained mutation: You have large cloven feet. [demonic
                  | ancestry]
  3060 | D:3      | Reached XP level 6. HP: 44/51 MP: 5/7
  3199 | D:3      | Paralysed by Grinder for 7 turns
  3210 | D:3      | Paralysed by something for 5 turns
  3299 | D:4      | XOM: repel stairs
  3367 | D:4      | XOM: swap monsters
  3700 | D:4      | XOM: enchant monster (good)
  3722 | D:4      | Slain by an orc wizard

Illustrated notes

Levels and vault maps discovered:
D:1:      kb_arrival_jail, layout_basic
D:2:      layout_rooms, minmay_distorted
D:3:      layout_loops_cross, nicolae_overflow_hidden_temple,
          cheibrodos_sewer_entry_drain, uniq_ijyb, uniq_grinder, uniq_sigmund
D:4:      layout_cave_pools, kennysheep_little_box,
          chequers_temple_overflow_statue_of_worship, minmay_box_of_dots

Skill      XL: |  1  2  3  4  5  6 |
---------------+-------------------+-----
Dodging        | 1 2 3 |  3.0
Armour         | 2 |  2.0
Long Blades    | 3 |  3.0
Throwing       | 1 2 3 |  3.0
Unarmed Combat | 1 3 |  3.0
Evocations     | 2 3 |  3.0
Fighting       | |  3.0

Action                   |  1- 3 |  4- 6 || total
-------------------------+-------+-------++-------
Melee: Falchion          |    75 |   109 ||   184
       Kick              |     9 |    28 ||    37
       Headbutt          |       |    19 ||    19
       Punch             |       |     1 ||     1
       Unarmed           |       |    21 ||    21
Throw: Boomerang         |       |     8 ||     8
 Abil: Blink             |       |     1 ||     1
Evoke: Wand              |       |     5 ||     5
  Use: Scroll            |     5 |     1 ||     6
       Potion            |       |     8 ||     8
  Eat: Chunk             |     2 |     4 ||     6
       Ration            |       |     1 ||     1
Armor: Leather armour    |    28 |    44 ||    72
Dodge: Dodged            |    59 |   119 ||   178
       Rpst.: Falchion   |    17 |    23 ||    40
